 Dungeon Crawl Stone Soup version 0.29.1-14-g9c671dbff4 (webtiles) character file.

Game seed: 15055756216096154044

595 Descartes the Covert (level 7, -5/30 (33) HPs)
             Began as a Felid Monk on Feb 20, 2023.
             Slain by a wight
             ... wielding a +5 dagger
              (12 damage)
             ... on level 5 of the Dungeon.
             The game lasted 00:17:24 (8043 turns).

Descartes the Covert (Felid Monk)                   Turns: 8043, Time: 00:17:24

HP:   -5/30 (33)    AC:  2    Str:  9    XL:     7   Next: 16%
MP:   8/8           EV: 21    Int: 12    God:
Gold: 321           SH:  0    Dex: 18    Spells: 6/6 levels left
                                        Lives: 0   Deaths: 2

rFire   . . .      SeeInvis +     - Unarmed
rCold   . . .      Faith    .   (shield unavailable)
rNeg    . . .      Spirit   .   (body armour unavailable)
rPois   .          Reflect  .   (helmet unavailable)
rElec   .          Harm     .   (cloak unavailable)
rCorr   .          Rampage  .   (gloves unavailable)
Will    +....                   (boots unavailable)
Stlth   ++++......              (no amulet)
HPRegen 0.10/turn               (no ring)
MPRegen 0.11/turn               (no ring)

@: drained, quick
A: very small, claws 1, fangs 3, see invisible, speed 1, shaggy fur 2, stealthy
paws, no weapons or thrown items, no armour, multi-lived
a: no special abilities


You were on level 5 of the Dungeon.
You visited 1 branch of the dungeon, and saw 6 of its levels.

You collected 321 gold pieces.

Inventory:

Jewellery
 p - an amulet of magic regeneration
 q - a +4 ring of evasion
 s - the ring of Sinkuo Cumedd {Ice Str+2 SInv}
   (You found it on level 3 of the Dungeon)

   [ring of ice]

   It enhances your ice magic.
   Str:       It affects your strength (+2).
   rF:        It makes you vulnerable to fire.
   rC:        It protects you from cold.
   SInv:      It lets you see invisible.
 v - a +6 ring of intelligence
Wands
 o - a wand of polymorph (6)
Scrolls
 a - a scroll of enchant armour {unknown}
 b - 4 scrolls of enchant weapon {unknown}
 c - 3 scrolls of fear {unknown}
 d - a scroll of poison {unknown}
 h - 6 scrolls of teleportation {unknown}
 i - 2 scrolls of immolation {unknown}
 j - 9 scrolls of identify {unknown}
 m - a scroll of amnesia {unknown}
 t - a scroll of vulnerability {unknown}
 u - a scroll of torment {unknown}
Potions
 e - 2 potions of heal wounds
 f - a potion of attraction {unknown}
 g - a potion of cancellation {unknown}
 k - 2 potions of brilliance {unknown}
 l - 2 potions of curing {unknown}
 n - a potion of resistance {unknown}
 r - a potion of lignification {unknown}


   Skills:
 + Level 5.0 Fighting
 + Level 6.6 Dodging
 * Level 8.5 Stealth
 + Level 5.0 Unarmed Combat


You had 6 spell levels left.
You didn't know any spells.
Your spell library was empty.

Dungeon Overview and Level Annotations

Branches:
Dungeon (6/15)
 Temple: D:4-7

Altars:
Ashenzari
Cheibriados
Fedhas
Hepliaklqana
Nemelex Xobeh
Sif Muna
Trog
Wu Jian

Annotations:
D:3 Ijyb
D:4 Natasha


Innate Abilities, Weirdness & Mutations

You have sharp claws.
You have razor-sharp teeth.
You have supernaturally acute eyesight. (SInv)
You cover ground quickly. (Speed+)
You are covered in thick fur. (AC +2)
Your paws help you pounce on unaware monsters.
You are incapable of wielding weapons or throwing items.
You cannot wear armour.
You gain extra lives every three experience levels.


Message History

You kill the bullfrog!
Welcome back to level 7!
No target in view!
There is an open door here.
The helpless scorpion fails to defend itself.
You eviscerate the scorpion!!!
You kill the scorpion!
Your Fighting skill increases to level 5!
Your Unarmed Combat skill increases to level 5! 2 wights come into view. 3 wights come into view.
Found a leather armour.
The wight completely misses you.
You barely miss the wight.
The wight hits you from afar with a +0 spear.
You feel drained. The wight hits you with a +5 dagger.
You feel drained.
You scratch the wight.
The wight is lightly damaged.
The wight misses you. The wight barely misses you.
There is an open door here.
There is a stone staircase leading up here.
You climb upwards.
There is a stone staircase leading down here.
You scratch the wight but do no damage. The wight barely misses you.
You closely miss the wight. The wight hits you with a +5 dagger!
You claw the wight!
The wight is heavily damaged.
You barely miss the wight.
The wight is heavily damaged.
The wight closely misses you.
You scratch the wight but do no damage.
The wight is heavily damaged.
The wight barely misses you.
You scratch the wight but do no damage.
The wight is heavily damaged.
The wight hits you with a +5 dagger!
* * * LOW HITPOINT WARNING * * *
You barely miss the wight. You claw the wight!
The wight is almost destroyed.
The wight hits you with a +5 dagger!
You die...

....z.#.###.#######..........#
.####...# #.........^.....#.##
.####.#.###.#.#####.......#.#
......#.....#......<........#
...........########.......###
.######.##.# #....>..#
.######.##.# #.......#
.....##.##.###########.####
####.##.##.##...@z.....#
#....##.##.##########
#.#####.##.# #.# #.##.# #.#
#.##.# #.# #.##.# ####.#
#.##.# .....# #....# ######
######


You could see a wight.

Vanquished Creatures
  2 ogres
  A wolf (D:5)
  A bullfrog (D:6)
  A scorpion (D:6)
  2 wights
  A gnoll bouda (D:4)
  2 hounds (D:5)
  2 iguanas
  Jessica (D:2)
  Natasha (twice) (D:4)
  4 gnolls
  11 adders
  An ufetubus (D:4)
  6 dart slugs
  6 orcs
  9 ball pythons
  5 endoplasms
  4 giant cockroaches
  6 goblins
  7 hobgoblins
  3 jackals (D:5)
  7 kobolds
  4 quokkas
  4 bats
  6 frilled lizards
  7 rats
105 creatures vanquished.

Notes
Turn   | Place    | Note
-------+----------+-------------------------------------------
     0 | D:1      | Descartes the Felid Monk began the quest for the Orb.
     0 | D:1      | Reached XP level 1. HP: 10/10 MP: 2/2
    28 | D:1      | Reached skill level 3 in Stealth
    42 | D:1      | Found a faded altar of an unknown god.
    74 | D:1      | Reached XP level 2. HP: 14/14 MP: 3/3
   954 | D:1      | Reached XP level 3. HP: 17/17 MP: 4/4
  1267 | D:2      | Reached skill level 4 in Stealth
  1598 | D:2      | Reached XP level 4. HP: 17/21 MP: 5/5
  1954 | D:2      | Noticed Jessica
  1959 | D:2      | Killed Jessica
  2218 | D:3      | Reached skill level 5 in Stealth
  2246 | D:3      | Noticed Ijyb
  2261 | D:3      | HP: 1/21 [poisoned by Ijyb]
  2262 | D:3      | Succumbed to Ijyb's poison
  2263 | D:3      | Reached XP level 3. HP: 0/17 MP: 4/4
  2320 | D:3      | Found a snail-covered altar of Cheibriados.
  2341 | D:3      | Reached XP level 4. HP: 3/22 MP: 5/5
  2702 | D:3      | You fall into a shaft and drop 1 floor!
  2702 | D:4      | Found a broken altar of Ashenzari.
  2702 | D:4      | Found a sparkling altar of Nemelex Xobeh.
  2702 | D:4      | Found an ornate altar of the Wu Jian Council.
  2707 | D:4      | Noticed Natasha
  2707 | D:4      | Noticed an ogre
  2804 | D:4      | Reached skill level 5 in Dodging
  3162 | D:3      | Found a blossoming altar of Fedhas.
  3540 | D:3      | Identified the ring of Sinkuo Cumedd {Ice Str+2 SInv}
  3597 | D:3      | Reached XP level 5. HP: 23/25 MP: 6/6
  4241 | D:4      | Reached skill level 6 in Stealth
  4575 | D:4      | Killed an ogre
  4576 | D:4      | Gained mutation: You are covered in thick fur. (AC +2)
                  | [Felid growth]
  4576 | D:4      | Reached XP level 6. HP: 28/28 MP: 7/7
  4816 | D:4      | Killed Natasha
  4841 | D:4      | Noticed Natasha
  4848 | D:4      | Killed Natasha
  4920 | D:4      | Noticed Natasha
  4949 | D:5      | Entered Level 5 of the Dungeon
  5018 | D:5      | Identified the +7 scale mail of the Enfolding Gods {rElec
                  | rCorr Stlth+}
  5035 | D:5      | Reached skill level 7 in Stealth
  5458 | D:5      | Found a large runed translucent door.
  5462 | D:5      | Found a large runed translucent door.
  5742 | D:5      | Found a hazy altar of Hepliaklqana.
  5752 | D:5      | Found a shimmering blue altar of Sif Muna.
  5757 | D:5      | Reached XP level 7. HP: 33/33 MP: 8/8
  6077 | D:6      | Found a bloodstained altar of Trog.
  6716 | D:6      | Slain by a water moccasin
  6717 | D:6      | Reached XP level 6. HP: 0/28 MP: 7/7
  7168 | D:5      | HP: 1/28 [wight/+2 great sword of electrocution (6)]
  7525 | D:5      | an orc warrior changed into a wolf
  7533 | D:5      | Reached skill level 8 in Stealth
  7938 | D:6      | Reached XP level 7. HP: 33/33 MP: 8/8
  7980 | D:6      | Reached skill level 5 in Fighting
  7980 | D:6      | Reached skill level 5 in Unarmed Combat
  8043 | D:5      | Slain by a wight

Illustrated notes

Levels and vault maps discovered:
D:1:      lightli_arrival_noodles, layout_basic, shapermc_ecumenical_altar_venn
D:2:      minmay_angry_zag, layout_basic, minmay_misc_feat_pillars, uniq_jessica
D:3:      layout_basic, fedhas_altar_2, kennysheep_slug_shrine, uniq_ijyb
D:4:      layout_basic, grunt_temple_overflow_open, uniq_natasha
D:5:      layout_loops_ring, jmf_multi_god_temple2, kennysheep_crisscross
D:6:      layout_basic, okawaru_altar_gauntlet_db, trog_butcher_becter,
          mainiacjoe_overflow_brackets, nicolae_ru_the_path_less_chosen,
          interstate_on_off, uniq_maggie, uniq_grinder, uniq_blork_the_orc

Skill      XL: |  1  2  3  4  5  6  7 |
---------------+----------------------+-----
Stealth        | 3 4 5 6 8 |  8.5
Dodging        | 5 6 |  6.6
Fighting       | 4 5 |  5.0
Unarmed Combat | 4 5 |  5.0

Action                   |  1- 3 |  4- 6 |  7- 9 || total
-------------------------+-------+-------+-------++-------
Melee: Unarmed           |   125 |   231 |    25 ||   381
       Bite              |    13 |    22 |     1 ||    36
       Punch             |     2 |     4 |     1 ||     7
Evoke: Wand              |       |     2 |       ||     2
  Use: Potion            |       |     1 |     1 ||     2
 Stab: Sleeping          |    12 |    16 |     3 ||    31
       Distracted        |       |     5 |       ||     5
Armor: Skin              |     5 |     5 |       ||    10
Dodge: Dodged            |    91 |   195 |    26 ||   312
